 Dungeon Crawl Stone Soup version 0.30-a0-341-g682706514a (webtiles) character file.

Game seed: 17108162385637841029

20 night the Conjurer (level 2, -1/25 HPs)
             Began as an Armataur Reaver on Nov 2, 2022.
             Slain by Grinder (3 damage)
             ... on level 3 of the Dungeon.
             The game lasted 00:03:10 (1507 turns).

night the Conjurer (Armataur Reaver)                Turns: 1507, Time: 00:03:10

Health: -1/25      AC:  4    Str: 23    XL:     2   Next: 58%
Magic:  4/5        EV:  9    Int: 13    God:
Gold:   120        SH:  2    Dex:  8    Spells: 2/5 levels left

rFire   . . .      SeeInvis .    a - +0 mace
rCold   . . .      Faith    .    o - +0 buckler
rNeg    . . .      Spirit   .    b - +0 leather armour
rPois   .          Reflect  .    (no helmet)
rElec   .          Harm     .    (no cloak)
rCorr   .          Roll     +    (no gloves)
Will    .....                    (no barding)
Stlth   +.........               c - amulet of magic regeneration
HPRegen 0.24/turn                g - ring of flight
MPRegen 0.49/turn                m - +6 ring of strength

@: immotile, flying, very slightly contaminated
A: large, rugged brown scales 3, deformed body, armoured tail, roll, long
tongue, awkward tongue
a: no special abilities


You were on level 3 of the Dungeon.
You visited 1 branch of the dungeon, and saw 3 of its levels.

You collected 120 gold pieces.

Inventory:

Hand Weapons
 a - a +0 mace (weapon)
Missiles
 d - 36 stones
Armour
 b - a +0 leather armour (worn)
 o - a +0 buckler (worn)
Jewellery
 c - an amulet of magic regeneration (around neck)
 f - an amulet of guardian spirit
 g - a ring of flight (left hand)
 l - a ring of fire
 m - a +6 ring of strength (right hand)
Scrolls
 j - a scroll of teleportation {unknown}
 k - a scroll of summoning {unknown}
 n - a scroll of noise {unknown}
Potions
 e - a potion of brilliance {unknown}
 h - a potion of might {unknown}
 i - 3 potions of lignification {unknown}
 p - a potion of haste {unknown}
 q - a potion of heal wounds {unknown}


   Skills:
 + Level 2.1 Fighting
 + Level 2.9 Maces & Flails
 - Level 1.3 Dodging
 + Level 0.0 Stealth
 + Level 2.0 Spellcasting
 + Level 3.0 Conjurations


You had 2 spell levels left.
You knew the following spells:

 Your Spells              Type           Power      Damage    Failure   Level
a - Kiss of Death         Conj/Necr      20%        2d7       21%         1
b - Momentum Strike       Conj/Tloc      10%        3d8       30%         2

Your spell library contained the following spells:

 Spells                   Type           Power      Damage    Failure   Level
 Slow                     Hex            4%         N/A       36%         1
 Hailstorm                Conj/Ice       5%         3d4       52%         3
 Confusing Touch          Hex            1%         N/A       73%         3
 Vampiric Draining        Necr           1%         2d6       73%         3


Dungeon Overview and Level Annotations

Branches:
Dungeon (3/15)

Altars:

Shops:
D:2 *

Annotations:
D:3 Grinder


Innate Abilities, Weirdness & Mutations

You are completely covered in rugged brown scales. (AC +3, +7% HP)
Armour fits poorly on your strangely shaped body.
You have a long armoured tail.
You roll when moving toward enemies. (Rampage)
Your long tongue fully drains potion bottles. (2x potion effects)
Your tongue gives you trouble enunciating. (1.5x scroll delay)


Message History

Grinder comes into view.
Found a stone staircase leading down.
Grinder shouts!
Grinder gestures at you.
You suddenly lose the ability to move!
Grinder gestures at you. Pain shoots through your body!
You can move again.
Casting: Momentum Strike (quite dangerous; 30% risk of failure)
Confirm with . or Enter, or press ? or * to list all spells.
Aiming: Momentum Strike (quite dangerous; 30% risk of failure)
Press: ? - help, Dir - move target, f - Grinder
Aim: Grinder (64% to hit)
You miscast Momentum Strike.
You are very lightly contaminated with residual magic.
Nothing appears to happen.
Grinder blinks!
Casting: Momentum Strike (quite dangerous; 30% risk of failure)
Confirm with . or Enter, or press ? or * to list all spells.
Aiming: Momentum Strike (quite dangerous; 30% risk of failure)
Press: ? - help, Dir - move target, f/p - Grinder
Aim: Grinder (64% to hit)
The concentrated momentum hits Grinder!
You are unable to move.
Grinder gestures at you.
You struggle to resist.
You hit Grinder but do no damage.
Grinder is moderately wounded.
Grinder hits you!
You writhe in agony.
You thump Grinder!
Your tail-slap misses Grinder.
Grinder is heavily wounded.
Grinder barely misses you.
You aren't carrying any items that you can evoke.
You barely miss Grinder.
Grinder is heavily wounded.
Grinder says, "At least Makhleb appreciates what I'm doing."
Grinder hits you!
* * * LOW HITPOINT WARNING * * *
You writhe in agony.
* * * LOW HITPOINT WARNING * * *
Grinder hits you.
You die...

##.###.##.# #.#.###.#
#.......# +#
###.##### .# #.# .#
###.#### ##.## #
#......# ##...#.#
#.#.##.# ##>.....###
#.#.##.####.5@.......
#.#.........##.##.###
#.####.###### .# #
#.####.# ># #......#
.# ######## .# .# .#


You could see Grinder.

Vanquished Creatures
  A worm (D:2)
  2 endoplasms (D:1)
  2 giant cockroaches
  A goblin (D:1)
  A hobgoblin (D:2)
  2 jackals (D:1)
  A ball python (D:2)
  A bat (D:2)
  2 frilled lizards
  4 rats
17 creatures vanquished.

Vanquished Creatures (others)
  Jessica (D:2)
1 creature vanquished.

Grand Total: 18 creatures vanquished

Notes
Turn   | Place    | Note
-------+----------+-------------------------------------------
     0 | D:1      | night the Armataur Reaver began the quest for the Orb.
     0 | D:1      | Reached XP level 1. HP: 18/18 MP: 3/3
   388 | D:1      | Reached skill level 2 in Fighting
   388 | D:1      | Reached XP level 2. HP: 25/25 MP: 4/4
   438 | D:1      | Learned a level 2 spell: Momentum Strike
   672 | D:1      | Reached skill level 2 in Spellcasting
   870 | D:2      | Noticed Jessica
   872 | D:2      | Killed Jessica
   911 | D:2      | Found Ahoif's General Store.
  1226 | D:2      | Reached skill level 3 in Conjurations
  1496 | D:3      | Noticed Grinder
  1497 | D:3      | Paralysed by Grinder for 5 turns
  1507 | D:3      | HP: 2/25 [Grinder (3)]
  1507 | D:3      | Slain by Grinder

Illustrated notes

Levels and vault maps discovered:
D:1:      onia_arrival_mini_maze, layout_loops_ring, hex_tiny,
          patterned_corridor
D:2:      layout_basic, serial_shops, nicolae_shop_stone, uniq_jessica
D:3:      layout_loops_corners, grunt_dithmenos_smoke_and_mirrors,
          nicolae_wormholes, uniq_grinder

Skill      XL: |  1  2 |
---------------+-------+-----
Fighting       | 2 |  2.1
Spellcasting   | 2 |  2.0
Conjurations   | 3 |  3.0
Maces & Flails | |  2.9
Dodging        | |  1.3

Action                   || total
-------------------------++-------
Melee: Mace              ||    35
       Tailslap          ||     2
 Cast: Momentum Strike   ||     2
Armor: Leather armour    ||    11
Dodge: Dodged            ||    11
Block: Buckler           ||     1

Table legend: (Time is in decaauts)
 A = Elapsed time spent in this place.
 B = Non-inter-level travel time spent in this place.
 C = Inter-level travel time spent in this place.
 D = Time resting spent in this place.
 E = Time spent auto-exploring this place.
 F = Levels seen in this place.
 G = Mean time per level.
                   A        B        C        D        E       F      G
               +--------+--------+--------+--------+--------+-----+--------+
         Total |   1515 |   1422 |     93 |      3 |   1256 |   3 |  505.0 |
       Dungeon |   1515 |   1422 |     93 |      3 |   1256 |   3 |  505.0 |
               +--------+--------+--------+--------+--------+-----+--------+

Top non-repeatable levels by time:
     D:1: 794 daAuts
     D:2: 657 daAuts
     D:3: 63 daAuts
